 Dungeon Crawl Stone Soup version 0.21.1-1-g345015fe64 (webtiles) character file.

5568 Peloso the Carver (level 10, -1/75 (76) HPs)
             Began as a Demonspawn Fighter on Apr 15, 2018.
             Was an Elder of Okawaru.
             Slain by a manticore (16 damage)
             ... on level 10 of the Dungeon.
             The game lasted 00:25:26 (9532 turns).

Peloso the Carver (Demonspawn Fighter)              Turns: 9532, Time: 00:25:27

HP:   -1/75 (76)    AC: 24    Str: 19    XL:     10   Next: 44%
MP:   11/11         EV:  8    Int:  9    God:    Okawaru [****..]
Gold: 504           SH: 12    Dex: 14    Spells: 9/9 levels left

rFire    . . .     SeeInvis .   a - +3 falchion (slice)
rCold    . . .     Gourm    .   c - +1 shield
rNeg     . . .     Faith    .   u - +0 chain mail
rPois    .         Spirit   .   m - +1 helmet
rElec    .         Reflect  .   v - +0 cloak
rCorr    .         Harm     .   k - +2 pair of gloves
MR       .....                  (no boots)
Stlth    ..........             F - amulet of magic regeneration (curse)
HPRegen  0.22/turn              n - +5 ring of protection
MPRegen  0.37/turn              K - ring of flight

@: barbed spikes
A: hooves 2, molten scales 1, powered by death 2
a: Heroism, Renounce Religion, Evoke Flight


You were on level 10 of the Dungeon.
You worshipped Okawaru.
Okawaru was greatly pleased with you.
You were near starving.

You visited 2 branches of the dungeon, and saw 11 of its levels.
You also visited: Sewer.

You collected 504 gold pieces.

Inventory:

Hand Weapons
 a - a +3 falchion of slicing (weapon)
Armour
 c - a +1 shield (worn)
 k - a +2 pair of gloves (worn)
 m - a +1 helmet (worn)
 u - a +0 chain mail (worn)
 v - a +0 cloak (worn)
Jewellery
 e - an uncursed ring of ice
 l - an uncursed amulet of regeneration
 n - a +5 ring of protection (left hand)
 o - an uncursed ring of stealth
 q - an uncursed amulet of guardian spirit
 F - a cursed amulet of magic regeneration (around neck)
 K - a ring of flight (right hand)
Wands
 z - a wand of acid (5)
 D - a wand of disintegration (13)
 H - a wand of iceblast (1)
 I - a wand of paralysis (11)
Scrolls
 d - a scroll of identify
 h - a scroll of fog
 j - 3 scrolls of remove curse
 p - 3 scrolls of enchant weapon
 w - 4 scrolls of teleportation
 B - a scroll of enchant armour
Potions
 b - 3 potions of haste
 g - 5 potions of curing
 i - a potion of mutation
 r - a potion of flight
 s - 5 potions of lignification
 t - 4 potions of invisibility
 x - a potion of brilliance
 A - 3 potions of heal wounds
 C - a potion of might
 M - a potion of berserk rage
Books
 y - a book of Maledictions

   Spells                             Type                      Level
   a - Corona                         Hexes                        1
   b - Ensorcelled Hibernation        Hexes/Ice                    2
   c - Confuse                        Hexes                        3
   d - Tukima's Dance                 Hexes                        3
   e - Dazzling Spray                 Conjuration/Hexes            3
 E - a book of Air

   Spells                             Type                      Level
   a - Shock                          Conjuration/Air              1
   b - Swiftness                      Charms/Air                   2
   c - Static Discharge               Conjuration/Air              3
   d - Airstrike                      Air                          4
   e - Lightning Bolt                 Conjuration/Air              5
 J - a book of Changes

   Spells                             Type                      Level
   a - Beastly Appendage              Transmutation                1
   b - Sticks to Snakes               Transmutation                2
   c - Spider Form                    Transmutation/Poison         3
   d - Ice Form                       Ice/Transmutation            4
   e - Blade Hands                    Transmutation                5
 L - a book of Debilitation

   Spells                             Type                      Level
   a - Corona                         Hexes                        1
   b - Slow                           Hexes                        2
   c - Inner Flame                    Hexes/Fire                   3
   d - Portal Projectile              Hexes/Translocation          3
   e - Cause Fear                     Hexes                        4
   f - Leda's Liquefaction            Hexes/Earth                  4
Comestibles
 f - 18 rations


   Skills:
 + Level 5.8 Fighting
 + Level 8.8 Long Blades
 + Level 6.6 Armour
 + Level 3.8 Dodging
 + Level 1.1 Stealth
 + Level 7.9 Shields
 + Level 0.4 Invocations
 + Level 1.4 Evocations


You had 9 spell levels left.
You didn't know any spells.

Dungeon Overview and Level Annotations

Branches:
Dungeon (10/15)            Temple (1/1) D:5
   Lair: D:8-11         Orc: D:9-12

Altars:
Ashenzari
Cheibriados
Dithmenos
Elyvilon
Fedhas
Gozag
Hepliaklqana
Kikubaaqudgha
Makhleb
Nemelex Xobeh
Okawaru
Qazlal
Ru
Trog
Uskayaw
Wu Jian
Xom
Yredelemnul
Zin
The Shining One

Shops:
D:8 }


Innate Abilities, Weirdness & Mutations

You have hoof-like feet.
You are partially covered in molten scales. (AC +2)
You regenerate health from kills.


Message History

The manticore is heavily wounded.
The manticore bites you.
* * * LOW HITPOINT WARNING * * *
You block the manticore's attack. The manticore barely misses you.
You slash the manticore!
The manticore is severely wounded.
You block the manticore's attack.
The manticore claws you but does no damage.
The manticore barely misses you.
You hit the manticore.
The manticore is almost dead.
The manticore bites you but does no damage.
The manticore claws you but does no damage. x2
You hit the manticore but do no damage. Your kick misses the manticore.
The manticore is almost dead.
You are near starving!
You hit the manticore but do no damage. You kick the manticore.
The manticore is almost dead.
The manticore bites you!
You die...

##.#####....##
####
#...(...## ##
##......##
#......##
#........##
#.....##
##..##..>..#
#....##
##...####...##
#...## ##...##
##...## #.###
##...##
##...## ###
#<..## #....##
#..## #.#@H.#
..## #.#+#..#
>..# #.+ ..#
..## ### ..#
.# ..# # .. .


You could see a manticore.

Vanquished Creatures
  Gastronok (D:8)
  A troll (D:9)
  A hippogriff (D:9)
  Duvessa (D:7)
  An orc warrior (D:8)
  The ghost of KleinerIrrer the Chopper, an amateur NaGl (D:3)
  2 necrophages
  3 phantoms
  4 centaurs
  4 ogres
  2 crocodiles
  A big kobold (D:8)
  3 bullfrogs
  Dowan (D:7)
  4 scorpions
  6 killer bees (D:8)
  A howler monkey (D:4)
  3 crimson imps
  A quasit (D:5)
  A centaur zombie (D:6)
  6 hounds
  Crazy Yiuf (D:4)
  5 orc priests
  5 jellies
  2 bullfrog skeletons
  Terence (D:3)
  An iguana (D:7)
  5 orc wizards
  4 worker ants
  2 hound zombies (D:6)
  Robin (D:3)
  A worker ant zombie (D:6)
  7 gnolls
  14 adders
  A shadow imp (D:5)
  2 adder skeletons (D:4)
  6 worms
  4 leopard geckos
  19 orcs
  8 bats
  5 giant cockroaches
  14 goblins
  14 hobgoblins
  15 jackals
  15 kobolds
  A quokka (D:3)
  3 ball pythons
  4 frilled lizards
  9 rats
  A fungus (D:4)
218 creatures vanquished.

Notes
Turn   | Place    | Note
-------+----------+-------------------------------------------
     0 | D:1      | Peloso the Demonspawn Fighter began the quest for the Orb.
     0 | D:1      | Reached XP level 1. HP: 18/18 MP: 1/1
   159 | D:1      | Gained mutation: You regenerate a little health from kills. [demonic ancestry]
   159 | D:1      | Reached XP level 2. HP: 11/24 MP: 2/2
   493 | D:2      | Found a basalt altar of Yredelemnul.
   493 | D:2      | Found a sacrificial altar of Ru.
   495 | D:2      | Found a snail-covered altar of Cheibriados.
   525 | D:2      | HP: 1/24 [worm (2)]
   819 | D:1      | Reached skill level 2 in Long Blades
   819 | D:1      | Reached XP level 3. HP: 29/29 MP: 3/3
  1393 | D:2      | Found a sacrificial altar of Ru.
  1415 | D:2      | Reached XP level 4. HP: 22/35 MP: 4/4
  2423 | D:3      | Reached skill level 1 in Dodging
  2423 | D:3      | Gained mutation: You have large cloven feet. [demonic ancestry]
  2423 | D:3      | Reached XP level 5. HP: 34/41 MP: 5/5
  2429 | D:3      | Noticed KleinerIrrer's ghost (amateur NaGl)
  2430 | D:3      | Reached skill level 3 in Long Blades
  2443 | D:3      | Killed KleinerIrrer's ghost
  2545 | D:3      | Reached XP level 6. HP: 46/47 MP: 6/6
  2557 | D:3      | Noticed Robin
  2580 | D:3      | Killed Robin
  2622 | D:3      | Noticed Terence
  2666 | D:3      | Killed Terence
  3192 | D:3      | Reached skill level 4 in Long Blades
  3911 | D:3      | Gained mutation: You regenerate health from kills. [demonic ancestry]
  3911 | D:3      | Reached XP level 7. HP: 17/53 MP: 7/7
  4955 | D:4      | Reached skill level 5 in Long Blades
  5205 | D:4      | Found a runed door.
  5209 | D:4      | Noticed Crazy Yiuf
  5216 | D:4      | Killed Crazy Yiuf
  5450 | D:4      | Gained mutation: You have hoof-like feet. [demonic ancestry]
  5450 | D:4      | Reached XP level 8. HP: 60/60 MP: 8/8
  5784 | D:5      | Entered Level 5 of the Dungeon
  6037 | D:5      | Reached skill level 6 in Long Blades
  6037 | D:5      | Reached skill level 5 in Armour
  6037 | D:5      | Reached skill level 1 in Stealth
  6103 | D:5      | Reached skill level 5 in Shields
  6170 | D:5      | Found a staircase to the Ecumenical Temple.
  6198 | Temple   | Entered the Ecumenical Temple
  6286 | Temple   | Became a worshipper of Warmaster Okawaru
  6321 | D:5      | Found a shattered altar of Ashenzari.
  6893 | D:6      | Reached * piety under Okawaru
  6893 | D:6      | Gained mutation: You are partially covered in molten scales. (AC +2) [demonic ancestry]
  6893 | D:6      | Reached XP level 9. HP: 64/66 MP: 9/9
  6933 | D:6      | Found a glowing drain.
  6963 | Sewer    | Entered a sewer
  7278 | D:6      | Reached skill level 7 in Long Blades
  7679 | D:7      | Noticed Duvessa
  7680 | D:7      | Noticed Dowan
  7703 | D:7      | Killed Duvessa
  7709 | D:7      | Killed Dowan
  8221 | D:8      | Reached ** piety under Okawaru
  8280 | D:8      | Found Qioseme's Gadget Shop.
  8345 | D:8      | Found a sacrificial altar of Ru.
  8403 | D:8      | Reached skill level 5 in Fighting
  8439 | D:8      | Noticed Gastronok
  8470 | D:8      | Killed Gastronok
  8470 | D:8      | Reached *** piety under Okawaru
  8470 | D:8      | Reached skill level 8 in Long Blades
  8470 | D:8      | Reached skill level 1 in Evocations
  8470 | D:8      | Reached XP level 10. HP: 63/73 MP: 6/10
  8804 | D:9      | Reached **** piety under Okawaru
  9375 | D:10     | Entered Level 10 of the Dungeon
  9516 | D:10     | Noticed a manticore
  9532 | D:10     | Slain by a manticore

Skill      XL: |  1  2  3  4  5  6  7  8  9 |
---------------+----------------------------+-----
Armour         | 3 4 5 6 |  6.6
Shields        | 3 4 5 7 |  7.9
Long Blades    | 2 3 4 5 6 8 |  8.8
Dodging        | 1 2 3 |  3.8
Fighting       | 4 5 |  5.8
Stealth        | 1 |  1.1
Evocations     | 1 |  1.4
Invocations    | |  0.4

Action                   |  1- 3 |  4- 6 |  7- 9 | 10-12 || total
-------------------------+-------+-------+-------+-------++-------
Melee: Long sword        |   173 |   254 |   164 |       ||   591
       Kick              |       |    46 |   154 |    35 ||   235
       Falchion          |       |       |   299 |   100 ||   399
Invok: Heroism           |       |       |     1 |       ||     1
Evoke: Wand              |       |       |     7 |       ||     7
  Use: Scroll            |       |     7 |     9 |     3 ||    19
       Potion            |       |     1 |       |       ||     1
 Stab: Paralysed         |       |     2 |       |       ||     2
  Eat: Chunk             |     2 |     8 |    16 |     2 ||    28
Armor: Scale mail        |    93 |   137 |    62 |       ||   292
       Chain mail        |       |       |   168 |    44 ||   212
Dodge: Dodged            |    55 |    82 |   107 |    28 ||   272
Block: Shield            |   129 |   138 |   244 |    58 ||   569
       Rpst.: Long sword |    19 |    16 |    13 |       ||    48
       Falchion          |       |       |    15 |     5 ||    20
